 Dungeon Crawl Stone Soup version 0.31-a0-152-g6aa68a64a1 (webtiles) character file.

Game seed: 15880436795971554698

27 qw the Shooter (level 3, -5/32 HPs)
             Began as a Naga Hunter on June 9, 2023.
             Slain by Sigmund
             ... wielding a +1 heavy scythe
              (19 damage)
             ... on level 2 of the Dungeon.
             The game lasted 00:00:17 (811 turns).

qw the Shooter (Naga Hunter)                         Turns: 811, Time: 00:00:18

Health: -5/32      AC:  2    Str: 13    XL:     3   Next: 10%
Magic:  3/3        EV:  9    Int:  9    God:
Gold:   12         SH:  0    Dex: 16    Spells: 2/2 levels left

rFire   . . .        Y - +0 orcbow
rCold   . . .        (shield currently unavailable)
rNeg    . . .        c - +0 leather armour
rPois   +            (no helmet)
rElec   .            (no cloak)
rCorr   .            (no gloves)
SInv    +            (no barding)
Will    .....        (no amulet)
Stlth   ++           (no ring)
HPRegen 0.25/turn    (no ring)
MPRegen 0.08/turn

%: no passive effects
@: short of breath, very slow
A: AC +1, large, see invisible, deformed body, poison resistance, slowness 2,
spit poison 1, naga tail 1
a: Spit Poison


You were on level 2 of the Dungeon.
You visited 1 branch of the dungeon, and saw 2 of its levels.

You collected 12 gold pieces.


Innate Abilities, Weirdness & Mutations

Your serpentine skin is tough. (AC +1)
You have supernaturally acute eyesight. (SInv)
Armour fits poorly on your strangely shaped body.
Your system is resistant to poisons. (rPois)
You cover ground very slowly.
You can spit poison.
You have a snake-like lower body.


   Skills:
 - Level 2.0 Fighting
 + Level 4.5 Ranged Weapons
 - Level 1.5 Dodging
 - Level 1.5 Stealth


You had 2 spell levels left.
You didn't know any spells.
Your spell library was empty.

Inventory:

Hand Weapons
 Y - a +0 orcbow (weapon)
Armour
 c - a +0 leather armour (worn)
Scrolls
 a - a scroll of teleportation {unknown}
Potions
 d - a potion of curing {unknown}

Dungeon Overview and Level Annotations

Branches:
Dungeon (2/15)

Altars:

Annotations:
D:2 Sigmund


Message History

A ball python comes into view.
You shoot an arrow. The arrow hits the ball python!
You kill the ball python!
Sigmund the Dreaded comes into view.
He is wielding a +1 heavy scythe.
You shoot an arrow. The arrow hits Sigmund.
Sigmund shouts!
Sigmund is lightly wounded.
Sigmund mumbles some strange words.
Sigmund flickers and vanishes for a moment.
You shoot an arrow. The arrow closely misses Sigmund.
Sigmund gestures at you while chanting. You resist with some effort.
You shoot an arrow. The arrow hits Sigmund.
Sigmund is moderately wounded.
798 ||| INVOKING Spit Poison.
Aiming: Spit Poison (2% risk of failure)
Press: ? - help, Shift-Dir - straight line, f/p - Sigmund The splash of poison misses Sigmund.
You shoot an arrow. The arrow hits Sigmund!
Sigmund is severely wounded.
You shoot an arrow. The arrow hits Sigmund.
Sigmund is severely wounded.
Sigmund casts a spell at you. The puff of flame misses you.
You shoot an arrow. The arrow closely misses Sigmund.
Sigmund casts a spell at you.
You are confused.
Sigmund hits you from afar with a +1 heavy scythe!
You have got your breath back.
Sigmund barely misses you.
Sigmund hits you from afar with a +1 heavy scythe!
You feel less confused. Sigmund barely misses you.
811 ||| INVOKING Spit Poison.
Aiming: Spit Poison (2% risk of failure)
Press: ? - help, Shift-Dir - straight line, f/p - Sigmund The splash of poison misses Sigmund.
Sigmund hits you with a +1 heavy scythe!!
Ouch! That really hurt!
You die...

### #
##.####.#...
####.#........#
##.#.###@##.###
##...## ##@#
#.....# ##.#
##...## ##
##.#.# #.##.#
#######.# #..
#.......## #..
#.##.#...# ...
#.##...#.# ..


You could see Sigmund (invisible).

Vanquished Creatures
  A ball python (D:2)
  2 bats (D:1)
  2 endoplasms
  4 giant cockroaches
  A goblin (D:1)
  5 hobgoblins (D:1)
  4 kobolds (D:1)
  A quokka (D:1)
  A frilled lizard (D:2)
  A rat (D:1)
22 creatures vanquished.

Notes
Turn   | Place    | Note
-------+----------+-------------------------------------------
     0 | D:1      | qw the Naga Hunter began the quest for the Orb.
     0 | D:1      | Reached XP level 1. HP: 19/19 MP: 1/1
     0 | D:1      | 0 ||| qw: Version: 0.2-a-122-gbc61b45
     0 | D:1      | 0 ||| qw: Game counter: 3292
     0 | D:1      | 0 ||| qw: Always use a shield: true
     0 | D:1      | 0 ||| qw: God list: Okawaru
     0 | D:1      | 0 ||| qw: Allow faded altars: false
     0 | D:1      | 0 ||| qw: Do Orc after D:15 true
     0 | D:1      | 0 ||| qw: Do second Lair branch before Depths: true
     0 | D:1      | 0 ||| qw: Lair rune preference: random
     0 | D:1      | 0 ||| qw: Plans: Normal
     0 | D:1      | 0 ||| PLANNING D:1-11
    46 | D:1      | 46 ||| INVOKING Spit Poison.
    51 | D:1      | 51 ||| INVOKING Spit Poison.
    58 | D:1      | HP: 1/19 [frozen (4)]
   120 | D:1      | 120 ||| INVOKING Spit Poison.
   124 | D:1      | Reached skill level 4 in Ranged Weapons
   124 | D:1      | Reached XP level 2. HP: 22/26 MP: 2/2
   164 | D:1      | 164 ||| INVOKING Spit Poison.
   169 | D:1      | 169 ||| INVOKING Spit Poison.
   184 | D:1      | 184 ||| INVOKING Spit Poison.
   257 | D:1      | 257 ||| INVOKING Spit Poison.
   272 | D:1      | 272 ||| INVOKING Spit Poison.
   285 | D:1      | 285 ||| INVOKING Spit Poison.
   291 | D:1      | 291 ||| INVOKING Spit Poison.
   308 | D:1      | 308 ||| INVOKING Spit Poison.
   404 | D:1      | 404 ||| SWAPPING to +0 orcbow.
   405 | D:1      | 405 ||| INVOKING Spit Poison.
   411 | D:1      | 411 ||| DROPPING +0 shortbow.
   506 | D:1      | 506 ||| INVOKING Spit Poison.
   673 | D:1      | 673 ||| INVOKING Spit Poison.
   695 | D:1      | 695 ||| READING scroll labelled YFOTHR BOENADD.
   696 | D:1      | 696 ||| READING scroll labelled MOSSUU UTUDEG.
   697 | D:1      | 697 ||| DROPPING scroll of butterflies.
   739 | D:2      | 739 ||| INVOKING Spit Poison.
   757 | D:2      | Reached XP level 3. HP: 32/32 MP: 3/3
   794 | D:2      | Noticed Sigmund
   798 | D:2      | 798 ||| INVOKING Spit Poison.
   811 | D:2      | 811 ||| INVOKING Spit Poison.
   811 | D:2      | Slain by Sigmund

Levels and vault maps discovered:
D:1:      dpeg_arrival_arbitrary_a, layout_basic
D:2:      layout_loops_cross, uniq_sigmund

Skill      XL: |  1 |
---------------+----+-----
Ranged Weapons | 4 |  4.5
Fighting       | |  2.0
Dodging        | |  1.5
Stealth        | |  1.5

Action                     || total
---------------------------++-------
   Fire: Shortbow          ||    33
         Orcbow            ||    13
Ability: Spit Poison       ||    17
    Use: Scroll            ||     2
 Armour: Leather armour    ||     2
  Dodge: Dodged            ||    12

Table legend:
 A = Non-vault XP
 B = Vault XP
 C = Vault XP percentage of total XP
 D = Non-vault monster count
 E = Vault monster count
 F = Vault count percentage of total count
                 A         B        C        D         E       F
            +---------+---------+-------+---------+---------+-------
      Total |      39 |       0 |   0.0 |      22 |       0 |   0.0
            +---------+---------+-------+---------+---------+-------
        D:1 |      32 |       0 |   0.0 |      18 |       0 |   0.0
        D:2 |       7 |       0 |   0.0 |       4 |       0 |   0.0
            +---------+---------+-------+---------+---------+-------
